 Dungeon Crawl Stone Soup version 0.23.2-40-g277498a001 (webtiles) character file.

Game seed: 521386404836152013

11 Martska the Chiller (level 2, -12/19 HPs)
             Began as a Merfolk Ice Elementalist on Oct 1, 2019.
             Mangled by a gnoll
             ... wielding a +0 halberd
              (18 damage)
             ... on level 2 of the Dungeon.
             The game lasted 00:03:28 (1635 turns).

Martska the Chiller (Merfolk Ice Elementalist)      Turns: 1635, Time: 00:03:28

Health: -12/19     AC:  2    Str:  8    XL:     2   Next: 25%
Magic:  5/5        EV: 13    Int: 14    God:
Gold:   75         SH:  0    Dex: 14    Spells: 2/5 levels left

rFire    . . .     SeeInvis .   d - +0 spear
rCold    . . .     Gourm    .   (no shield)
rNeg     . . .     Faith    .   a - +0 robe
rPois    .         Spirit   .   (no helmet)
rElec    .         Reflect  .   (no cloak)
rCorr    .         Harm     .   (no gloves)
MR       .....                  (no boots)
Stlth    ++........             (no amulet)
HPRegen  0.06/turn              (no ring)
MPRegen  0.09/turn              (no ring)

@: no status effects
A: change form in water, swift swim, stealthy swim
a: no special abilities


You were on level 2 of the Dungeon.
You were very hungry.

You visited 1 branch of the dungeon, and saw 2 of its levels.

You collected 75 gold pieces.

Inventory:

Hand Weapons
 d - a +0 spear (weapon)
Armour
 a - a +0 robe (worn)
Scrolls
 b - 3 scrolls of identify {unknown}
 f - a scroll of enchant armour {unknown}
 i - a scroll of blinking {unknown}
 j - a scroll of remove curse {unknown}
Potions
 e - 3 potions of curing {unknown}
 g - a potion of degeneration {unknown}
 h - a potion of ambrosia {unknown}
Comestibles
 c - 6 rations


   Skills:
 * Level 0.2 Fighting
 + Level 0.1 Polearms
 * Level 2.9 Dodging
 + Level 2.2 Stealth
 + Level 2.2 Spellcasting
 + Level 0.7 Conjurations
 + Level 3.6 Ice Magic


You had 2 spell levels left.
You knew the following spells:

 Your Spells              Type           Power        Failure   Level  Hunger
a - Freeze                Ice            ##..         5%          1    #......
b - Throw Frost           Conj/Ice       #.....       14%         2    ###....

Your spell library contained the following spells:

 Spells                   Type           Power        Failure   Level  Hunger
 Ozocubu's Armour         Chrm/Ice       #.......     32%         3    ###....
 Throw Icicle             Conj/Ice       #.......     67%         4    #####..
 Summon Ice Beast         Ice/Summ       #.......     73%         4    #####..


Dungeon Overview and Level Annotations

Branches:
Dungeon (2/15)

Altars:
Dithmenos
Nemelex Xobeh
Qazlal


Message History

The hobgoblin is heavily wounded.
A gnoll comes into view. It is wielding a +0 spear.
The hobgoblin completely misses you.
The gnoll hits you from afar with a +0 spear.
Casting: Freeze (safe; 5% risk of failure)
Confirm with . or Enter, or press ? or * to list all spells.
Aiming: Freeze (safe; 5% risk of failure)
Press: ? - help, Shift-Dir - straight line, f - hobgoblin
Aim: a hobgoblin (heavily wounded)
You freeze the hobgoblin.
You kill the hobgoblin!
The gnoll hits you from afar with a +0 spear!
* * * LOW HITPOINT WARNING * * *
The gnoll throws a throwing net.
The throwing net barely misses you.
You see here a throwing net.
You open the door.
A bat comes into view.
The gnoll hits you from afar with a +0 halberd!!
Ouch! That really hurt!
You die...

#.# ##§§§#§.....#≈≈≈ .# #.#
###.#§#§#.###.#≈.. .# #.#
#§§§§§§§§.# #.#≈.♣ .# #.#
#§#§#§#§### #.'.8. .# ##.##
#.##§§.#.## ###≈.♣ .#
#...####.###.#...## #≈.. #
#.#...##..........## #≈≈÷
#########.....####.........######
....g....gg...g.@'.........'....<
###########...####b........###...
.# #.(.....#.......## #[#. .#
#.#.###.##.....## #.## .# #.#.#
#.###...## #.# .# #...# #.# ##'##
#.# .# #.#####.# ##.#######.# .#
#.......# #.......##.# #..###..#
#.......##.#


You could see 3 gnolls and a bat.

Vanquished Creatures
  2 hobgoblins
  A jackal (D:1)
  2 bats
  2 frilled lizards
  3 kobolds (D:1)
  A rat (D:2)
11 creatures vanquished.

Notes
Turn   | Place    | Note
-------+----------+-------------------------------------------
     0 | D:1      | Martska the Merfolk Ice Elementalist began the quest for
                  | the Orb.
     0 | D:1      | Reached XP level 1. HP: 13/13 MP: 3/3
   975 | D:1      | Reached XP level 2. HP: 17/19 MP: 3/5
   979 | D:1      | Learned a level 2 spell: Throw Frost
  1471 | D:2      | Found a sparkling altar of Nemelex Xobeh.
  1474 | D:2      | Found a shadowy altar of Dithmenos.
  1559 | D:2      | Found a stormy altar of Qazlal.
  1635 | D:2      | Mangled by a gnoll

Action                   || total
-------------------------++-------
Melee: Spear             ||    19
 Cast: Freeze            ||     8
 Stab: Sleeping          ||     1
  Eat: Chunk             ||     1
Armor: Robe              ||     5
Dodge: Dodged            ||    22
